 Dungeon Sprint DCSS version 0.31-a0-435-g2c6fae2916 (webtiles) character file.

Game seed: 15377902460128861795

5203 rocky1 the Brawler (level 10, -1/186 HPs)
             Began as an Ogre Shapeshifter on Aug 2, 2023.
             Was an Initiate of Gozag.
             Slain by a kobold brigand
             ... wielding a +0 short sword
              (4 damage)
             ... in the Dungeon (Sprint VII: "The Pits").
             The game lasted 00:05:04 (2316 turns).

rocky1 the Brawler (Ogre Shapeshifter)              Turns: 2316, Time: 00:05:05

Health: -1/186     AC:  6    Str: 21    XL:     10   Next: 60%
Magic:  10/10      EV: 12    Int: 11    God:    Gozag
Gold:   334        SH:  0    Dex: 14    Spells: 9/9 levels left

rFire   . .          .
                       - Unarmed
rCold   . . .        (no shield)
rNeg    . . .        a - +0 animal skin
rPois   .            (helmet currently unavailable)
rElec   .            (cloak currently unavailable)
rCorr   .            (gloves unavailable)
SInv    .            (boots unavailable)
Will    +....        (no amulet) Stlth
                     f - ring of Nioxefol {Dex+3 Slay+4}
HPRegen 0.51/turn    n - +3 ring of protection
MPRegen 0.12/turn

%: no teleportation
@: berserking, beast-form, gold aura, very quick
A: beast (slay +7), large, unfitting armour, tough skin 1
a: Begin Untransformation, Renounce Religion, Potion Petition, Call Merchant,
Bribe Branch


You were in the Dungeon.
You worshipped Gozag.
Gozag was aware of your devotion.
You were a hulking beast.
You visited 1 branch You collected 2817 gold pieces.
You spent 1224 gold pieces at shops.
You paid 1259 gold pieces to Gozag.

Inventory:

Missiles
 m - a curare-tipped dart (quivered)
Armour
 a - a +0 animal skin (worn)
 s - a +0 cloak
Jewellery
 f - the ring of Nioxefol (left hand) {Dex+3 Slay+4}
   (You bought it in a shop in the Dungeon)

   [ring of slaying]

   Dex:       It affects your dexterity (+3).
   Slay:      It affects your accuracy & damage with ranged weapons and melee
   (+4).
 n - a +3 ring of protection (right hand)
 o - a +3 ring of intelligence
 t - a ring of poison resistance
Talismans
 c - a beast talisman (active)
Scrolls
 i - a scroll of blinking
 k - 5 scrolls of amnesia
 l - a scroll of summoning
Potions
 b - a potion of lignification
 d - 3 potions of curing
 e - 4 potions of heal wounds
 g - 4 potions of magic
 h - 2 potions of berserk rage
 j - 2 potions of invisibility
 p - a potion of might
 q - 2 potions of brilliance
 r - 4 potions of resistance


   Skills:
 + Level 15.2 Fighting
 + Level 5.3 Armour
 + Level 6.1 Dodging
 * Level 15.4 Unarmed Combat
 - Level 10.0 Shapeshifting


You had 9 spell levels left.
You didn't know any spells.
Your spell library was empty.

Dungeon Overview and Level Annotations

Branches:
Dungeon (1/1)

Altars:
Ashenzari
Cheibriados
Dithmenos
Elyvilon
Fedhas
Gozag
Hepliaklqana
Kikubaaqudgha
Makhleb
Nemelex Xobeh
Okawaru
Qazlal
Ru
Sif Muna
Trog
Uskayaw
Vehumet
Wu Jian
Xom
Yredelemnul
Zin
The Shining One
Jiyva
Lugonu

Shops:
D =


Innate Abilities, Weirdness & Mutations

You are a hulking beast.
Your limbs bulge with bestial killing power. (Slay +7)
You are too large for most types of armour.
You have tough skin. (AC +1)


Message History

The deep troll claws you but does no damage.
The deep troll claws you.
* * * LOW HITPOINT WARNING * * *
The deep troll closely misses you. The deep troll claws you!
* * * LOW HITPOINT WARNING * * *
The deep troll claws you!
* * * LOW HITPOINT WARNING * * *
Okay, then.
You feel much better. The deep troll misses you.
The deep troll claws you but does no damage.
The deep troll claws you.
* * * LOW HITPOINT WARNING * * *
Unknown command.
A red film seems to cover your vision as you go berserk!
You feel yourself moving faster!
You feel mighty! The deep troll closely misses you. The deep troll claws you!
* * * LOW HITPOINT WARNING * * *
The deep troll claws you!
* * * LOW HITPOINT WARNING * * *
The deep troll barely misses you. The deep troll misses you.
The deep troll claws you but does no damage.
You pummel the deep troll!!
The deep troll is heavily wounded.
The deep troll bites you!
* * * LOW HITPOINT WARNING * * *
The deep troll closely misses you.
The deep troll claws you but does no damage.
You punch the deep troll!
The deep troll is severely wounded.
You feel yourself speed up.
You pummel the deep troll!!
You kill the deep troll!
The kobold brigand throws a curare-tipped dart.
The curare-tipped dart misses you.
Your Fighting skill increases to level 15!
Your Dodging skill increases to level 6!
Unknown command.
The kobold brigand hits you with a +0 short sword.
You die...
Your body crumbles into a pile of gold.

<...##..#### #+#
....##..#..#####.##
....##..#....##...#
....##..'.....#...#
######..'..∩..'...+
######..'.....#...#
...[##..#....##...#
..[[##..#..#####.##
..))##..#### #h#
..))##..##......K.......
..))##..#..............#
########################


You could see a kobold brigand.

Vanquished Creatures
  A deep troll (D)
  A black mamba (D)
  A cane toad (D)
  A molten gargoyle (D)
  An unseen horror (D)
  6 dream sheep (D)
  A tarantella (D)
  A flying skull (D)
  6 yaks (D)
  A fire bat (D)
  Menkaure (D)
  2 floating eyes (D)
  5 wolves (D)
  A centaur (D)
  A phantom (D)
  A kobold brigand (D)
  A gnoll bouda (D)
  An iguana (D)
  6 gnolls (D)
  A river rat (D)
  2 adders (D)
  A white imp (D)
  An ufetubus (D)
  An endoplasm (D)
  A quokka (D)
  A ball python (D)
  2 frilled lizards (D)
  A quokka skeleton (D)
  A rat (D)
51 creatures vanquished.

Notes
Turn   | Place    | Note
-------+----------+-------------------------------------------
     0 | D        | rocky1 the Ogre Shapeshifter began the quest for the Orb.
     0 | D        | Reached XP level 1. HP: 19/19 MP: 1/1
    24 | D        | Found a bloodstained altar of Trog.
    24 | D        | Found a shimmering blue altar of Sif Muna.
    24 | D        | Found a viscous altar of Jiyva.
    24 | D        | Found a hazy altar of Hepliaklqana.
    24 | D        | Found an opulent altar of Gozag.
    47 | D        | Found a glowing golden altar of the Shining One.
    47 | D        | Found a glowing silver altar of Zin.
    47 | D        | Found a basalt altar of Yredelemnul.
    47 | D        | Found a shimmering altar of Xom.
    47 | D        | Found an ornate altar of the Wu Jian Council.
    47 | D        | Found a sacrificial altar of Ru.
    47 | D        | Found a stormy altar of Qazlal.
    47 | D        | Found an iron altar of Okawaru.
    47 | D        | Found a sparkling altar of Nemelex Xobeh.
    47 | D        | Found a burning altar of Makhleb.
    47 | D        | Found a blossoming altar of Fedhas.
    47 | D        | Found a white marble altar of Elyvilon.
    47 | D        | Found a shadowy altar of Dithmenos.
    47 | D        | Found a snail-covered altar of Cheibriados.
    51 | D        | Found a corrupted altar of Lugonu.
    51 | D        | Found a radiant altar of Vehumet.
    52 | D        | Found a broken altar of Ashenzari.
    52 | D        | Found an ancient bone altar of Kikubaaqudgha.
    52 | D        | Found a hide-covered altar of Uskayaw.
    54 | D        | Became a worshipper of Gozag Ym Sagoz the Greedy
   204 | D        | Reached XP level 2. HP: 20/29 MP: 2/2
   239 | D        | Noticed a fire bat
   241 | D        | Killed a fire bat
   242 | D        | Reached skill level 5 in Shapeshifting
   242 | D        | Reached XP level 3. HP: 45/45 MP: 3/3
   242 | D        | Reached XP level 4. HP: 53/53 MP: 4/4
   242 | D        | Reached XP level 5. HP: 61/61 MP: 5/5
   578 | D        | Noticed a phantom
   579 | D        | Noticed a centaur
   579 | D        | Noticed a flying skull
   584 | D        | Killed a phantom
   585 | D        | Reached XP level 6. HP: 72/72 MP: 6/6
   597 | D        | Killed a flying skull
   598 | D        | Reached skill level 10 in Unarmed Combat
   598 | D        | Reached XP level 7. HP: 41/84 MP: 7/7
   620 | D        | Reached skill level 10 in Fighting
   789 | D        | Noticed a tarantella
   808 | D        | Killed a tarantella
  1232 | D        | Noticed Menkaure
  1235 | D        | Reached XP level 8. HP: 97/97 MP: 8/8
  1242 | D        | Killed Menkaure
  1418 | D        | Noticed a molten gargoyle
  1418 | D        | Noticed a black mamba
  1427 | D        | Killed a black mamba
  1435 | D        | Killed a molten gargoyle
  1436 | D        | Reached XP level 9. HP: 11/109 MP: 9/9
  1438 | D        | HP: 5/109 [poisoned by a black mamba]
  1822 | D        | Reached skill level 1 in Armour
  2161 | D        | Bought the ring of Nioxefol {Dex+3 Slay+4} for 1004 gold
                  | pieces
  2161 | D        | Bought a ring of poison resistance for 220 gold pieces
  2272 | D        | Noticed a cane toad
  2283 | D        | Killed a cane toad
  2284 | D        | Reached XP level 10. HP: 94/122 MP: 10/10
  2293 | D        | Reached skill level 10 in Shapeshifting
  2297 | D        | Reached skill level 5 in Dodging
  2302 | D        | Noticed a deep troll
  2305 | D        | Reached skill level 15 in Unarmed Combat
  2307 | D        | Killed an unseen horror
  2308 | D        | Reached skill level 5 in Armour
  2309 | D        | HP: 6/123 [deep troll (12)]
  2313 | D        | HP: 2/184 [deep troll (12)]
  2315 | D        | Killed a deep troll
  2316 | D        | Reached skill level 15 in Fighting
  2316 | D        | Slain by a kobold brigand

Illustrated notes

Levels and vault maps discovered:
D:        pitsprint [storerooms_1, entrance_room_1, metal_vault_1, armoury_1,
          mini_pit_1, grid_room_1, main_hall_1, silver_pit, the_coven_1,
          the_vestibule_1, steel_vault_1, golden_pit, hallway_of_sentries,
          crystal_vault_1, iron_vault_5, final_vault]

Skill      XL: |  1  2  3  4  5  6  7  8  9 10 |
---------------+-------------------------------+-----
Unarmed Combat | 3 7 8 10 11 13 14 15 | 15.4
Fighting       | 2 6 7 9 11 12 14 15 | 15.2
Shapeshifting  | 5 6 7 9 10 | 10.0
Dodging        | 4 6 |  6.1
Armour         | 3 5 |  5.3

Action                     |  1- 3 |  4- 6 |  7- 9 | 10-12 || total
---------------------------+-------+-------+-------+-------++-------
  Melee: Unarmed           |    16 |    26 |    92 |    23 ||   157
         Punch             |     1 |       |     9 |     1 ||    11
 Invoke: Potion Petition   |       |       |     1 |       ||     1
         Call Merchant     |       |       |     1 |       ||     1
    Use: Potion            |     1 |       |     5 |     4 ||    10
 Armour: Animal skin       |     6 |     4 |     6 |    13 ||    29
  Dodge: Dodged            |    11 |    12 |    32 |    15 ||    70

Table legend: (Time is in decaauts)
 A = Elapsed time spent in this place.
 B = Non-inter-level travel time spent in this place.
 C = Inter-level travel time spent in this place.
 D = Time resting spent in this place.
 E = Time spent auto-exploring this place.
 F = Levels seen in this place.
 G = Mean time per level.
                   A        B        C        D        E       F      G
               +--------+--------+--------+--------+--------+-----+--------+
         Total |   2283 |   2228 |     55 |   1780 |      0 |   1 | 2283.0 |
       Dungeon |   2283 |   2228 |     55 |   1780 |      0 |   1 | 2283.0 |
               +--------+--------+--------+--------+--------+-----+--------+

Top non-repeatable levels by time:
       D: 2283 daAuts
